 Dungeon Crawl Stone Soup version 0.30-a0-263-ge22c4ad894 (webtiles) character file.

Game seed: 14891932512731772897

53 ReploidZero the Shooter (level 3, -1/22 HPs)
             Began as a Tengu Hunter on Oct 13, 2022.
             Slain by an ice beast (2 damage)
             ... on level 6 of the Dungeon.
             The game lasted 00:03:38 (1681 turns).

ReploidZero the Shooter (Tengu Hunter)              Turns: 1681, Time: 00:03:39

Health: -1/22      AC:  3    Str: 11    XL:     3   Next: 89%
Magic:  4/4        EV: 13    Int:  9    God:
Gold:   106        SH:  0    Dex: 19    Spells: 2/2 levels left

rFire   . . .      SeeInvis .    a - +0 shortbow
rCold   . . .      Faith    .    (shield currently unavailable)
rNeg    . . .      Spirit   .    c - +0 leather armour
rPois   .          Reflect  .    (helmet restricted)
rElec   .          Harm     .    (no cloak)
rCorr   .          Rampage  .    (no gloves)
Will    .....                    (boots unavailable)
Stlth   ++........               (no amulet)
HPRegen 0.23/turn                (no ring)
MPRegen 0.09/turn                (no ring)

@: no status effects
A: beak, talons 3
a: no special abilities


You were on level 6 of the Dungeon.
You visited 1 branch of the dungeon, and saw 4 of its levels.

You collected 106 gold pieces.

Inventory:

Hand Weapons
 a - a +0 shortbow (weapon)
Armour
 c - a +0 leather armour (worn)
Scrolls
 b - a scroll of immolation
 h - 2 scrolls of magic mapping
Potions
 f - a potion of curing {unknown}
 g - a potion of flight {unknown}
 i - 2 potions of haste
 k - a potion of attraction {unknown}


   Skills:
 + Level 2.8 Fighting
 + Level 4.9 Ranged Weapons
 + Level 3.1 Dodging
 - Level 1.0 Stealth


You had 2 spell levels left.
You didn't know any spells.
Your spell library was empty.

Dungeon Overview and Level Annotations

Branches:
Dungeon (3/15)

Altars:

Shops:
D:1 *??[


Innate Abilities, Weirdness & Mutations

You have a beak for a mouth.
You have claws for feet.


Message History

A black bear comes into view.
A black bear is nearby!
A black bear is nearby!
Fire: a) +0 shortbow
Press: ? - help, Q - select action Shift-Dir - straight line, f - black bear
Aim: a black bear (asleep, 98% to hit)
You shoot an arrow. The arrow hits the black bear.
The black bear growls angrily.
The black bear is lightly wounded.
Fire: a) +0 shortbow
Press: ? - help, Q - select action Shift-Dir - straight line, f/p - black bear
Aim: a black bear (lightly wounded, 71% to hit)
You shoot an arrow.
The arrow hits the black bear but does no damage.
The black bear is lightly wounded.
The black bear enters a dispersal trap!
You blink.
The black bear blinks!
The black bear bites you. The black bear claws you. x2
Really walk into that dispersal trap?
You enter a dispersal trap!
The black bear blinks! x2; You blink.
An ice beast and an adder come into view.
The ice beast attacks as you move away! The ice beast barely misses you.
The ice beast attacks as you move away! The ice beast hits you.
The ice beast freezes you!
* * * LOW HITPOINT WARNING * * *
The ice beast attacks as you move away! The ice beast closely misses you.
Okay, then.
You aren't carrying any items that you can evoke.
Fire: a) +0 shortbow
Press: ? - help, Q - select action Shift-Dir - straight line, f - ice beast
Aim: an ice beast (64% to hit)
Okay, then.
The ice beast attacks as you move away! The ice beast barely misses you.
The ice beast attacks as you move away! The ice beast closely misses you.
The ice beast attacks as you move away!
The ice beast hits you but does no damage.
The ice beast attacks as you move away! The ice beast hits you.
The ice beast freezes you.
* * * LOW HITPOINT WARNING * * *
The ice beast attacks as you move away! The ice beast hits you.
You die...

... #...... #.#
#.##### #.# #.#
#.# #.# #.# #.#
#.#####.# #.#
#.......# #.#
#.####.## #.#
#...@Y.# #.#
#####..########.#
#...........#
##.########## #.#
#.# #.########
..######.........
.......^..###.##


You could see an ice beast.

Vanquished Creatures
  An adder (D:2)
  A worm (D:2)
  2 dart slugs (D:2)
  An endoplasm (D:2)
  3 giant cockroaches
  3 goblins (D:2)
  3 hobgoblins
  4 quokkas
  4 ball pythons (D:2)
  4 bats
  A frilled lizard (D:2)
  4 kobolds
  3 rats
34 creatures vanquished.

Notes
Turn   | Place    | Note
-------+----------+-------------------------------------------
     0 | D:1      | ReploidZero the Tengu Hunter began the quest for the Orb.
     0 | D:1      | Reached XP level 1. HP: 12/12 MP: 2/2
    37 | D:1      | Found Jimesy's Antique Armour Shoppe.
   112 | D:1      | Found Tozuiruten's Magic Scroll Boutique.
   297 | D:1      | Found Dutiryl's Magic Scroll Shop.
   373 | D:1      | Reached XP level 2. HP: 17/17 MP: 3/3
   397 | D:1      | Found Tyon Nuu's Assorted Antiques.
   511 | D:1      | Found a faded altar of an unknown god.
   880 | D:2      | Reached XP level 3. HP: 22/22 MP: 4/4
  1622 | D:3      | You fall into a shaft and drop 3 floors!
  1636 | D:6      | Noticed a black bear
  1659 | D:6      | Noticed an ice beast
  1680 | D:6      | HP: 1/22 [ice beast (6)]
  1681 | D:6      | Slain by an ice beast

Illustrated notes

Levels and vault maps discovered:
D:1:      psy_arrival_dodecagon, layout_loops_corners, serial_shops, shop, shop,
          shop, nicolae_shop_trees, shapermc_ecumenical_altar_mp_highgroup
D:2:      layout_loops_ring
D:3:      layout_basic
D:6:      layout_loops_ring, abandoned_shop

Skill      XL: |  1  2  3 |
---------------+----------+-----
Dodging        | 3 |  3.1
Fighting       | |  2.8
Ranged Weapons | |  4.9
Stealth        | |  1.0

Action                   || total
-------------------------++-------
 Fire: Shortbow          ||    88
  Use: Scroll            ||     5
Armor: Leather armour    ||    10
Dodge: Dodged            ||    27

Table legend: (Time is in decaauts)
 A = Elapsed time spent in this place.
 B = Non-inter-level travel time spent in this place.
 C = Inter-level travel time spent in this place.
 D = Time resting spent in this place.
 E = Time spent auto-exploring this place.
 F = Levels seen in this place.
 G = Mean time per level.
                   A        B        C        D        E       F      G
               +--------+--------+--------+--------+--------+-----+--------+
         Total |   1706 |   1558 |    148 |      0 |   1320 |   4 |  426.5 |
       Dungeon |   1706 |   1558 |    148 |      0 |   1320 |   4 |  426.5 |
               +--------+--------+--------+--------+--------+-----+--------+

Top non-repeatable levels by time:
     D:2: 841 daAuts
     D:1: 783 daAuts
     D:6: 59 daAuts
     D:3: 22 daAuts
